 Dungeon Crawl Stone Soup version 0.25-a0-782-g655279ceaa (webtiles) character file.

Game seed: 5075151671435410768, levelgen mode: deterministic

8 Esekla the Grasshopper (level 2, 0/24 HPs)
             Began as a Draconian Warper on Apr 16, 2020.
             Slain by a giant cockroach (1 damage)
             ... on level 1 of the Dungeon.
             The game lasted 00:02:15 (137 turns).

Esekla the Grasshopper (Draconian Warper)            Turns: 137, Time: 00:02:16

Health: 0/24       AC:  4    Str: 13    XL:     2   Next: 0%
Magic:  5/5        EV: 12    Int: 13    God:
Gold:   0          SH:  0    Dex: 10    Spells: 5/5 levels left

rFire    . . .     SeeInvis .   a - +0 falchion
rCold    . . .     Gourm    .   (no shield)
rNeg     . . .     Faith    .   (armour unavailable)
rPois    .         Spirit   .   (helmet restricted)
rElec    .         Reflect  .   (no cloak)
rCorr    .         Harm     .   (no gloves)
MR       .....                  (no boots)
Stlth    +.........             (no amulet)
HPRegen  0.08/turn              (no ring)
MPRegen  0.09/turn              (no ring)

@: slowed, very slow
A: unfitting armour, cold-blooded, AC +4
a: no special abilities


You were on level 1 of the Dungeon.
You were not hungry.

You visited 1 branch of the dungeon, and saw 1 of its levels.

Inventory:

Hand Weapons
 a - a +0 falchion (weapon)
Missiles
 d - 3 boomerangs of dispersal (quivered)
Scrolls
 b - a scroll of fear {unknown}
 c - a scroll of blinking
Comestibles
 f - a ration


   Skills:
 * Level 2.2 Fighting
 * Level 2.2 Long Blades
 + Level 0.8 Throwing
 + Level 2.4 Dodging
 + Level 2.0 Spellcasting
   Level 3.0 Translocations


You had 5 spell levels left.
You didn't know any spells.
Your spell library contained the following spells:

 Spells                   Type           Power        Failure   Level  Hunger
 Blink                    Tloc           N/A          11%         2    ###....
 Shroud of Golubria       Chrm/Tloc      #.....       21%         2    ###....
 Gell's Gravitas          Tloc           #.........   22%         3    ####...
 Lesser Beckoning         Tloc           #.........   22%         3    ####...
 Teleport Other           Tloc           #.......     22%         3    ####...
 Passage of Golubria      Tloc           N/A          58%         4    #####..


Dungeon Overview and Level Annotations

Branches:
Dungeon (1/15)

Altars:


Innate Abilities, Weirdness & Mutations

Your plain brown scales are hard. (AC +4)
You cannot fit into any form of body armour.
You are cold-blooded and may be slowed by cold attacks.


Message History

Aim: a rat You throw a boomerang of dispersal.
The boomerang of dispersal barely misses the kobold.
The boomerang of dispersal barely misses the rat.
The rat twitches its whiskers.
The kobold barely misses you.
You hit the kobold.
The kobold is severely wounded.
The kobold hits you with a +2 whip of freezing.
* * * LOW HITPOINT WARNING * * *
You feel yourself slow down. The kobold freezes you.
* * * LOW HITPOINT WARNING * * *
You barely miss the kobold.
The kobold is severely wounded.
The giant cockroach bites you but does no damage.
The kobold misses you.
You riposte.
You hit the kobold.
You kill the kobold!
You have reached level 2!
The giant cockroach bites you.
You die...

.............)..............#
............................#
##########.##################
#†#..###.... #........... .
..######.#.###....
..............#.....
.....####..#..s.#
.......).r..r.#@#
......#######.#r# ..... #K#.#
.#.. #.#.# ... #...# .# #..##
#...# ...#.# ....#.#


You could see a giant cockroach and a rat.

Vanquished Creatures
  2 goblins (D:1)
  A hobgoblin (D:1)
  A bat (D:1)
  2 frilled lizards (D:1)
  A kobold (D:1)
  2 rats (D:1)
9 creatures vanquished.

Notes
Turn   | Place    | Note
-------+----------+-------------------------------------------
     0 | D:1      | Esekla the Draconian Warper began the quest for the Orb.
     0 | D:1      | Reached XP level 1. HP: 17/17 MP: 3/3
   137 | D:1      | Reached XP level 2. HP: 1/24 MP: 5/5
   137 | D:1      | Slain by a giant cockroach

Levels and vault maps discovered:
D:1:      dpeg_arrival_boxorama, layout_rooms

Action                   || total
-------------------------++-------
Melee: Falchion          ||    25
       Tailslap          ||     2
Throw: Boomerang         ||     2
Armor: Skin              ||     5
Dodge: Dodged            ||    14
       Rpst.: Falchion   ||     5

Table legend:
 A = Non-vault XP
 B = Vault XP
 C = Vault XP percentage of total XP
 D = Non-vault monster count
 E = Vault monster count
 F = Vault count percentage of total count
                 A         B        C        D         E       F
            +---------+---------+-------+---------+---------+-------
      Total |      12 |       0 |   0.0 |       9 |       0 |   0.0
            +---------+---------+-------+---------+---------+-------
        D:1 |      12 |       0 |   0.0 |       9 |       0 |   0.0
            +---------+---------+-------+---------+---------+-------
